Map: Old Republic LE

Players

HitandRun

  • Race: Protoss Protoss
  • League: Master
  • Spawn Location: 7:00

SCIInewby - Winner!

  • Race: Zerg Zerg
  • League: Master
  • Spawn Location: 1:00

VOD

Have the link to the VOD?

Description

Time

  • Played on: Feb. 6, 2026, 12:23 p.m.
  • Length: 8:22
Show
View Real Time Build Order
Export as new Build Order

HitandRun Protoss 

Build Orders: Colossus Rush 

Get SALT Encoding   

  12  0:00  Probe  
  13  0:12  Probe  
  14  0:27  Probe  
  15  0:29  Pylon  
  15  0:37  Assimilator  
  15  0:52  Gateway, Probe  
  16  1:01  Probe  
  16  1:08  Gateway  
  16  1:10  Probe  
  18  1:21  Probe  
  19  1:29  Probe  
  19  1:37  Probe  
  20  1:45  Cybernetics Core  
  20  1:46  Zealot  
  23  1:55  Pylon  
  23  2:07  Assimilator  
  23  2:13  Probe, Zealot  
  26  2:19  Nexus  
  26  2:20  Warp Gate  
  26  2:32  Stalker  
  28  2:41  Pylon  
  29  2:44  Probe  
  29  2:47  Gateway  
  29  2:56  Pylon  
  29  2:57  Probe  
  30  3:08  Zealot x2  
  34  3:17  Pylon  
  34  3:22  Probe  
  35  3:34  Probe  
  35  3:38  Robotics Facility  
  36  3:41  Probe  
  36  3:42  Zealot  
  36  3:43  Probe  
  40  3:49  Probe  
  40  3:51  Probe  
  42  3:59  Probe  
  42  4:00  Probe  
  43  4:02  Pylon  
  43  4:07  Assimilator  
  44  4:26  Robotics Bay  
  44  4:30  Pylon  
  44  4:35  Zealot x3  
  50  4:40  Observer  
  50  4:44  Probe  
  50  4:45  Probe  
  51  4:52  Probe  
  53  4:53  Probe  
  53  4:57  Assimilator  
  55  5:02  Probe x2  
  57  5:07  Pylon  
  57  5:09  Colossus, Pylon  
  57  5:11  Pylon  
  63  5:25  Pylon  
  63  5:42  Zealot x3  
  69  5:53  Probe  
  69  5:56  Probe, Colossus  
  71  6:01  Probe  
  71  6:08  Probe  
  71  6:10  Probe  
  80  6:20  Probe  
  80  6:21  Zealot x3  
  87  6:50  Colossus, Zealot  
  87  6:51  Zealot x2  
  99  7:20  Stalker x3  
  105  7:32  Gateway  
  105  7:34  Gateway  
  105  7:35  Gateway  
  105  7:45  Pylon  
  105  7:51  Nexus, Stalker x2  
  95  7:52  Stalker  
Show
View Real Time Build Order
Export as new Build Order

SCIInewby Zerg - Winner!

Build Orders: Pool First 

Get SALT Encoding   

  12  0:01  Drone  
  13  0:10  Drone  
  13  0:13  Extractor  
  13  0:16  Drone  
  15  0:22  Overlord  
  15  0:35  Overlord  
  15  0:47  Spawning Pool  
  15  0:48  Drone  
  15  0:53  Extractor  
  15  0:54  Drone  
  15  0:58  Drone  
  16  1:12  Drone  
  17  1:26  Hatchery  
  16  1:34  Zergling x2  
  16  1:36  Drone  
  18  1:41  Drone  
  19  1:49  Drone  
  20  2:00  Drone  
  21  2:02  Queen  
  23  2:11  Zergling x2  
  24  2:22  Zergling x2  
  25  2:27  Extractor  
  23  2:36  Roach Warren, Drone  
  23  2:38  Queen  
  25  2:46  Drone  
  25  2:51  Drone x2  
  28  2:55  Drone  
  28  3:15  Drone  
  28  3:16  Drone x5  
  34  3:21  Queen  
  36  3:30  Extractor, Drone  
  36  3:32  Overlord  
  36  3:33  Overlord x2  
  36  3:39  Extractor  
  35  3:47  Lair  
  36  3:48  Drone  
  36  3:59  Roach x4  
  44  4:07  Drone x2  
  44  4:08  Drone  
  47  4:16  Spore Crawler  
  46  4:21  Spore Crawler  
  46  4:23  Roach x2  
  49  4:26  Zergling x2  
  49  4:29  Drone  
  49  4:31  Drone  
  52  4:34  Drone  
  53  4:45  Drone  
  53  4:46  Drone, Spire  
  53  4:49  Drone  
  55  5:01  Drone x2  
  55  5:02  Drone x3  
  55  5:06  Overlord  
  60  5:18  Hatchery  
  60  5:19  Drone  
  64  5:28  Roach x3  
  64  5:30  Roach  
  68  5:57  Overlord x4  
  68  6:10  Evolution Chamber  
  67  6:11  Evolution Chamber  
  67  6:13  Mutalisk  
  68  6:18  Drone x2  
  68  6:19  Drone x3  
  68  6:22  Drone  
  68  6:23  Drone x2  
  76  6:35  Drone x5  
  76  6:39  Zergling x4  
  83  6:47  Extractor  
  83  6:48  Mutalisk x2  
  83  6:49  Mutalisk, Extractor  
  87  6:55  Mutalisk  
  87  6:56  Zergling x6, Infestation Pit  
  90  7:05  Mutalisk  
  90  7:06  Mutalisk x6  
  104  7:21  Mutalisk  
  102  8:01  Overseer  
  102  8:02  Overseer  
  102  8:03  Overseer  
Tags
 
Matchup
PvZ
Opening
Pool First
Replay Pack
Multiplayer
Spawn Locations
Cross Positions
Add a new tag
Caveats
  • Supply blocks, unpowered buildings, or Contaminate may cause inaccurate times.
  • Supply counts are checked every 10 seconds.